 Dungeon Crawl Stone Soup version 0.31.0 (webtiles) character file.

Game seed: 4639889850964105964

350 qw the Shooter (level 6, 0/38 HPs)
             Began as a Gargoyle Hunter on Jan 19, 2024.
             Slain by a gnoll
             ... wielding a +0 halberd
              (8 damage)
             ... on level 5 of the Dungeon.
             The game lasted 00:00:17 (4422 turns).

qw the Shooter (Gargoyle Hunter)                    Turns: 4422, Time: 00:00:18

Health: 0/38       AC: 10    Str: 14    XL:     6   Next: 61%
Magic:  6/6        EV: 11    Int: 10    God:
Gold:   176        SH:  5    Dex: 15    Spells: 5/5 levels left

rFire   . . .        a - +0 shortbow
rCold   . . .        (shield currently unavailable)
rNeg    + . .        h - +0 ring mail
rPois   inf          (no helmet)
rElec   +            j - +0 cloak
rCorr   .            (no gloves)
SInv    .            (no boots)
Will    +....        c - amulet of reflection
Stlth   +            g - ring of willpower
HPRegen 0.26/turn    (no ring)
MPRegen 0.10/turn

%: reflection
@: no status effects
A: sickness immunity, AC +4, negative energy resistance 1, electricity
resistance, torment resistance 1, petrification resistance
a: no special abilities


You were on level 5 of the Dungeon.
You visited 1 branch of the dungeon, and saw 5 of its levels.

You collected 176 gold pieces.


Innate Abilities, Weirdness & Mutations

You are immune to sickness and miasma.
Your stone body is resilient. (AC +4)
You are immune to poison.
You resist negative energy. (rN+)
You are resistant to electric shocks. (rElec)
You are resistant to unholy torment.
You are immune to petrification.


   Skills:
 - Level 4.2 Fighting
 + Level 6.6 Ranged Weapons
 - Level 1.4 Armour
 - Level 1.5 Dodging
 - Level 1.1 Stealth


You had 5 spell levels left.
You didn't know any spells.
Your spell library was empty.

Inventory:

Hand Weapons
 a - a +0 shortbow (weapon)
Armour
 h - a +0 ring mail (worn)
 j - a +0 cloak (worn)
Jewellery
 c - an amulet of reflection (around neck)
 g - a ring of willpower (left hand)
Wands
 d - a wand of flame (7)
 e - a wand of roots (14)
Scrolls
 f - a scroll of identify
Potions
 b - 3 potions of might
 i - a potion of haste

Dungeon Overview and Level Annotations

Branches:
Dungeon (5/15)
 Temple: D:4-7

Altars:
Ashenzari
Makhleb
Qazlal
Xom

Shops:
D:3 (

Annotations:
D:5 Grinder


Message History

Grinder gestures at you. You resist with some effort.
The gnoll hits you but does no damage. The gnoll hits you with a +0 flail.
The gnoll barely misses you. Grinder hits you but does no damage.
The gnoll hits you with a +0 flail! Grinder hits you but does no damage.
The gnoll hits you but does no damage.
You can move again.
Enter note:
Enter note:
Enter note:
Enter note:
Enter note:
Enter note:
4416 ||| RETREEEEATING.
You shoot an arrow. The arrow closely misses Grinder.
The gnoll hits you with a +0 flail. Grinder hits you.
The gnoll barely misses you.
You shoot an arrow. The arrow closely misses the gnoll.
The gnoll hits you but does no damage. Grinder closely misses you.
The gnoll barely misses you.
You shoot an arrow. The arrow hits the gnoll!
You kill the gnoll!
Grinder hits you but does no damage. The gnoll misses you.
You shoot an arrow. The arrow hits Grinder.
Grinder is lightly wounded.
You block Grinder's attack.
The gnoll hits you from afar with a +0 halberd.
You shoot an arrow. The arrow closely misses Grinder.
Grinder gestures at you. You resist with almost no effort.
The gnoll barely misses you. x2
You shoot an arrow. The arrow hits Grinder.
Grinder is lightly wounded.
You block Grinder's attack. The gnoll closely misses you. x2
The gnoll hits you with a +0 spear.
The gnoll hits you from afar with a +0 halberd!
Grinder closely misses you.
You shoot an arrow. The arrow barely misses Grinder.
Grinder says, "Tell me all your secrets, or I'll kill you."
Grinder misses you. The gnoll hits you but does no damage.
The gnoll hits you from afar with a +0 halberd!
You die...

### ###
#.#####.########
#.....#.........
######.###.#.########
#...@5.........# #
###g##)###.#.#.# ####
..g #.# #...#.###...
##.g #.# ###...)...#.
#.. #.. .........%.
#.. #.. #.#.#...#.
#.. #... #.#.#.#.#.
#.. ... #.#.#.###.
#.l.....


You could see Grinder and 3 gnolls.

Vanquished Creatures
  A sleepcap (D:4)
  Ijyb (D:5)
  2 iguanas
  Terence (D:3)
  An orc wizard (D:4)
  A gnoll (D:5)
  6 adders
  A river rat (D:3)
  4 ribbon worms
  A dart slug (D:3)
  5 orcs
  6 ball pythons
  8 endoplasms
  4 giant cockroaches
  7 goblins
  9 hobgoblins
  7 jackals
  3 kobolds
  5 quokkas
  4 bats
  4 frilled lizards
  10 rats
91 creatures vanquished.

Vanquished Creatures (others)
  An orc wizard (D:4)
1 creature vanquished.

Grand Total: 92 creatures vanquished

Notes
Turn   | Place    | Note
-------+----------+-------------------------------------------
     0 | D:1      | qw the Gargoyle Hunter began the quest for the Orb.
     0 | D:1      | Reached XP level 1. HP: 12/12 MP: 1/1
     0 | D:1      | 0 ||| qw: Version: 0.3-a-132-g3d54051
     0 | D:1      | 0 ||| qw: Game counter: 126
     0 | D:1      | 0 ||| qw: Melee chars always use a shield: true
     0 | D:1      | 0 ||| qw: God list: Okawaru
     0 | D:1      | 0 ||| qw: Allow faded altars: false
     0 | D:1      | 0 ||| qw: Do Orc after clearing Dungeon:15 true
     0 | D:1      | 0 ||| qw: Do second Lair branch before Depths: true
     0 | D:1      | 0 ||| qw: Lair rune preference: random
     0 | D:1      | 0 ||| qw: Goals: Normal
     0 | D:1      | 0 ||| PLANNING D:1-11
   193 | D:1      | HP: 3/12 [hobgoblin (4)]
   197 | D:1      | Reached XP level 2. HP: 6/17 MP: 2/2
   852 | D:1      | 852 ||| UPGRADING to +0 ring mail.
   862 | D:1      | 862 ||| DROPPING +0 leather armour.
   863 | D:1      | 863 ||| READING scroll labelled WUDAUCI QIDGHIU.
   867 | D:1      | 867 ||| READING scroll labelled YMOSUNUATA.
   868 | D:1      | 868 ||| READING scroll labelled NONWEA ZORUN FIEZ.
   869 | D:1      | 869 ||| DROPPING scroll of butterflies.
   921 | D:2      | Reached XP level 3. HP: 21/21 MP: 3/3
  1069 | D:2      | Reached skill level 1 in Armour
  1097 | D:2      | Reached skill level 5 in Ranged Weapons
  1252 | D:2      | Found a faded altar of an unknown god.
  1313 | D:2      | Reached XP level 4. HP: 11/27 MP: 4/4
  1318 | D:2      | HP: 4/27 [ribbon worm (7)]
  1323 | D:2      | 1323 ||| FLEEEEING.
  1530 | D:2      | Reached skill level 3 in Fighting
  1785 | D:2      | 1785 ||| UPGRADING to +0 cloak.
  1790 | D:2      | 1790 ||| UPGRADING to ring of willpower.
  1791 | D:2      | 1791 ||| READING 2 scrolls labelled ROOZXA QIUGUK.
  1791 | D:2      | 1791 ||| IDENTIFYING fizzy inky potion
  1792 | D:2      | 1792 ||| READING scroll of identify.
  1792 | D:2      | 1792 ||| IDENTIFYING metallic golden potion
  1793 | D:2      | 1793 ||| READING scroll labelled ITHRAO LUFU UNI.
  1794 | D:2      | 1794 ||| DRINKING 2 brown potions.
  1795 | D:2      | 1795 ||| DROPPING potion of attraction.
  1823 | D:3      | 1823 ||| PLANNING SEWER
  1886 | D:3      | Found Xuvuatic's Antique Weapon Shop.
  1894 | D:3      | 1894 ||| SHOPLISTING encrusted orcbow (195 gold, have 61).
  1998 | D:3      | Found a broken altar of Ashenzari.
  2091 | D:3      | Reached XP level 5. HP: 25/32 MP: 5/5
  2093 | D:3      | 2093 ||| FLEEEEING.
  2164 | D:3      | Noticed Terence
  2176 | D:3      | HP: 4/32 [Terence/+0 flail (8)]
  2178 | D:3      | Killed Terence
  2179 | D:3      | 2179 ||| FLEEEEING.
  2325 | D:3      | Found a burning altar of Makhleb.
  2496 | D:3      | Reached skill level 6 in Ranged Weapons
  2509 | D:3      | 2509 ||| RIP SEWER
  2511 | D:3      | 2511 ||| PLANNING D:1-11
  2570 | D:3      | 2570 ||| FLEEEEING.
  2727 | D:3      | Found a shimmering altar of Xom.
  2949 | D:3      | 2949 ||| READING scroll of identify.
  2949 | D:3      | 2949 ||| IDENTIFYING bubbling dark potion
  3165 | D:4      | 3165 ||| DRINKING potion of curing.
  3165 | D:4      | 3165 ||| (to cure confusion)
  3171 | D:4      | 3171 ||| FLEEEEING.
  3182 | D:4      | 3182 ||| FLEEEEING.
  3193 | D:4      | 3193 ||| FLEEEEING.
  3203 | D:4      | HP: 6/33 [orc wizard/magic dart (8)]
  3205 | D:4      | Reached XP level 6. HP: 7/38 MP: 6/6
  3467 | D:4      | 3467 ||| FLEEEEING.
  3774 | D:4      | 3774 ||| UPGRADING to amulet of reflection.
  3779 | D:4      | 3779 ||| DROPPING ring of flight.
  3780 | D:4      | 3780 ||| READING scroll labelled OXUFIA BENYNY.
  3781 | D:4      | 3781 ||| READING scroll labelled HEOLYCVOUSU.
  3800 | D:5      | Entered Level 5 of the Dungeon
  4058 | D:5      | Found a stormy altar of Qazlal.
  4139 | D:5      | Noticed Grinder
  4156 | D:5      | HP: 8/38 [iguana (6)]
  4157 | D:5      | 4157 ||| READING scroll of teleportation.
  4283 | D:5      | Noticed Ijyb
  4302 | D:5      | Killed Ijyb
  4306 | D:5      | 4306 ||| FLEEEEING.
  4353 | D:5      | 4353 ||| FLEEEEING.
  4412 | D:5      | Paralysed by Grinder for 4 turns
  4416 | D:5      | 4416 ||| RETREEEEATING.
  4421 | D:5      | HP: 8/38 [gnoll/+0 halberd (8)]
  4422 | D:5      | Slain by a gnoll

Levels and vault maps discovered:
D:1:      heliophobic_arrival_ceremonial_halls, layout_basic
D:2:      layout_loops_ring, dreamdust_ecumenical_altar_hidden_monk_grotto,
          chequers_serial_rivers_micro_b, kennysheep_donut, st_stairs_11
D:3:      layout_loops_corners, mainiacjoe_overflow_catwalk,
          ashenzari_conservatory_becter, xom_teletrap_fun, serial_shops,
          shop_statue, gup_sewer_entry_spiral, due_unseen_surprise, uniq_terence
D:4:      layout_basic
D:5:      layout_basic, mainiacjoe_overflow_24_doors, nicolae_fountain_basement,
          uniq_crazy_yiuf_cottage, uniq_grinder, uniq_ijyb

Skill      XL: |  1  2  3  4  5 |
---------------+----------------+-----
Armour         | 1 |  1.4
Ranged Weapons | 5 6 |  6.6
Fighting       | 3 4 |  4.2
Dodging        | |  1.5
Stealth        | |  1.1

Action                     |  1- 3 |  4- 6 || total
---------------------------+-------+-------++-------
   Fire: Shortbow          |   115 |   285 ||   400
    Use: Scroll            |     3 |     7 ||    10
         Potion            |       |     2 ||     2
 Armour: Leather armour    |    21 |       ||    21
         Ring mail         |    13 |   119 ||   132
  Dodge: Dodged            |    40 |    93 ||   133
  Block: Other             |       |     8 ||     8

Table legend:
 A = Non-vault XP
 B = Vault XP
 C = Vault XP percentage of total XP
 D = Non-vault monster count
 E = Vault monster count
 F = Vault count percentage of total count
                 A         B        C        D         E       F
            +---------+---------+-------+---------+---------+-------
      Total |     381 |     120 |  24.0 |      78 |      14 |  15.2
            +---------+---------+-------+---------+---------+-------
        D:1 |      31 |       0 |   0.0 |      18 |       0 |   0.0
        D:2 |      79 |       7 |   8.1 |      23 |       4 |  14.8
        D:3 |      78 |      75 |  49.0 |      16 |       9 |  36.0
        D:4 |     121 |       0 |   0.0 |      14 |       0 |   0.0
        D:5 |      72 |      38 |  34.5 |       7 |       1 |  12.5
            +---------+---------+-------+---------+---------+-------
